 Dungeon Crawl Stone Soup version 0.19.1 (webtiles) character file.

186 nikopol the Skirmisher (level 5, 0/34 HPs)
             Began as a Gargoyle Berserker on Dec 21, 2016.
             Was a Priest of Trog.
             Slain by a sky beast (1 damage)
             ... on level 3 of the Dungeon.
             The game lasted 00:10:34 (3238 turns).

nikopol the Skirmisher (Gargoyle Berserker)         Turns: 3238, Time: 00:10:35

Health: 0/34       AC:  7    Str: 21    XL:     5   Next: 65%
Magic:  5/5        EV: 12    Int:  7    God:    Trog [***...]
Gold:   213        SH:  0    Dex: 10    Spells: 0 memorised, 4 levels left

rFire  . . .     SeeInvis .     a - +0 war axe
rCold  . . .     Gourm    .     b - +0 animal skin
rNeg   + + .     Faith    .     (no shield)
rPois  ∞         Spirit   .     u - +0 helmet
rElec  +         Reflect  .     (no cloak)
rCorr  .         Harm     .     (no gloves)
MR     .....                    (no boots)
Stlth  +.........               (no amulet)
                                (no ring)
                                h - ring of positive energy

@: no status effects
A: negative energy resistance 1, electricity resistance, unbreathing,
petrification resistance, rot immunity, AC +4
a: Berserk, Trog's Hand, Burn Spellbooks, Renounce Religion


You were on level 3 of the Dungeon.
You worshipped Trog.
Trog was most pleased with you.
You were not hungry.

You visited 1 branch of the dungeon, and saw 3 of its levels.

You collected 213 gold pieces.

Inventory:

Hand Weapons
 a - a +0 war axe (weapon)
 t - a +0 hand axe
Missiles
 r - 21 arrows (quivered)
Armour
 b - a +0 animal skin (worn)
 u - a +0 helmet (worn)
Jewellery
 h - a ring of positive energy (left hand)
Scrolls
 e - a scroll of fear {unknown}
 f - 2 scrolls of teleportation {unknown}
 j - 5 scrolls of identify {unknown}
 k - 3 scrolls of remove curse {unknown}
 m - 2 scrolls of recharging {unknown}
 n - a scroll of blinking {unknown}
 o - a scroll of random uselessness {unknown}
 p - a scroll of immolation {unknown}
Potions
 d - a potion of lignification {unknown}
 g - 3 potions of curing {unknown}
 l - a potion of invisibility {unknown}
 s - a potion of cure mutation {unknown}
Comestibles
 c - 4 bread rations
 i - a beef jerky
 q - 4 chunks of flesh


   Skills:
 + Level 4.4 Fighting
 + Level 3.5 Axes
 + Level 3.5 Armour
 + Level 2.7 Dodging


You had 4 spell levels left.
You didn't know any spells.

Dungeon Overview and Level Annotations

Branches:
Dungeon (3/15)

Altars:
Cheibriados


Innate Abilities, Weirdness & Mutations

You are resistant to torment.
Your stone body is resilient. (AC +4)
You are immune to poison.
You resist negative energy. (rN+)
You are resistant to electric shocks. (rElec)
You can survive without breathing.
You are immune to petrification.
You are immune to rotting.


Message History

No target in view!
No target in view!
No target in view!
You closely miss something. Something hits you but does no damage.
You miss something. Something hits you but does no damage.
You miss something. Something hits you. Something shocks you. You resist.
Something hits you. Something shocks you. You resist.
You miss something. Something hits you.
* * * LOW HITPOINT WARNING * * *
Something shocks you. You resist.
* * * LOW HITPOINT WARNING * * *
You closely miss something. Something hits you.
* * * LOW HITPOINT WARNING * * *
Something shocks you. You resist.
* * * LOW HITPOINT WARNING * * *
You closely miss something. Something hits you but does no damage.
Something hits you.
* * * LOW HITPOINT WARNING * * *
Something shocks you. You resist.
You die...

#####.
#..........#..
......
#............#
#####.
#...........# ##
##...........#
.......$....#
............#
......).{†$.#
>.....†@....#
......)##.###
....... #.## ####
.......
#..##########...
.......
##........##..##
......#
###......##.##.
......
####.........#..
..####
...........####'
.#####......##.#..


There were no monsters in sight!

Vanquished Creatures
  Jessica (D:2)
  Robin (D:2)
  3 adders (D:2)
  2 worms
  3 dart slugs
  3 leopard geckos
  4 giant cockroaches
  22 goblins
  18 hobgoblins
  4 jackals (D:2)
  7 kobolds
  A quokka (D:2)
  A ball python (D:1)
  12 bats
  6 frilled lizards
  12 rats
100 creatures vanquished.

Notes
Turn   | Place    | Note
-------+----------+-------------------------------------------
     0 | D:1      | nikopol the Gargoyle Berserker began the quest for the Orb.
     0 | D:1      | Reached XP level 1. HP: 14/14 MP: 1/1
    89 | D:1      | Reached XP level 2. HP: 19/19 MP: 2/2
   590 | D:1      | Reached XP level 3. HP: 19/23 MP: 3/3
   673 | D:1      | Reached ** piety under Trog
  1242 | D:2      | Noticed Jessica
  1252 | D:2      | Killed Jessica
  1252 | D:2      | Reached skill level 4 in Fighting
  1252 | D:2      | Reached XP level 4. HP: 25/29 MP: 4/4
  1618 | D:2      | Noticed Robin
  1639 | D:2      | Killed Robin
  1639 | D:2      | Reached XP level 5. HP: 33/33 MP: 5/5
  1651 | D:2      | Reached *** piety under Trog
  2209 | D:2      | Found a snail-covered altar of Cheibriados.
  3215 | D:3      | Noticed a sky beast
  3238 | D:3      | HP: 1/34 [something (3)]
  3238 | D:3      | Slain by a sky beast

Skill      XL: |  1  2  3  4 |
---------------+-------------+-----
Dodging        | 2 |  2.7
Fighting       | 4 |  4.4
Axes           | 3 |  3.5
Armour         | 3 |  3.5

Action                   |  1- 3 |  4- 6 || total
-------------------------+-------+-------++-------
Melee: Hand axe          |    98 |   159 ||   257
       War axe           |       |    54 ||    54
Invok: Berserk           |       |     1 ||     1
  Eat: Chunk             |     1 |     8 ||     9
Armor: Animal skin       |    35 |   107 ||   142
Dodge: Dodged            |    69 |   153 ||   222
